 Dungeon Crawl Stone Soup version 0.19-a0-36-g4a0968a (webtiles) character file.

499 mrath the Cudgeler (level 6, -2/52 (53) HPs)
             Began as a Minotaur Fighter on May 4, 2016.
             Killed by divine providence
             ... invoked by an orc priest
              (13 damage)
             ... on level 4 of the Dungeon.
             The game lasted 00:16:14 (3459 turns).

mrath the Cudgeler (Minotaur Fighter)               Turns: 3459, Time: 00:16:14

HP:   -2/52 (53)    AC: 10    Str: 22    XL:     6   Next: 94%
MP:   6/6           EV:  6    Int:  5    God:
Gold: 107           SH:  9    Dex: 10    Spells: 0 memorised, 5 levels left

rFire  . . .     SeeInvis .     a - +0 flail
rCold  . . .     Gourm    .     w - +0 chain mail
rNeg   . . .     Faith    .     c - +0 shield
rPois  .         Spirit   .     (helmet restricted)
rElec  .         Dismiss  .     (no cloak)
rCorr  +         Reflect  .     m - +0 pair of gloves
SustAt .         Harm     .     (no boots)
MR     .....                    (no amulet)
Stlth  ..........               (no ring)
                                q - ring of resist corrosion

@: not resistant to hostile enchantments, extremely unstealthy
A: retaliatory headbutt, horns 2
a: no special abilities


You were on level 4 of the Dungeon.
You were very hungry.

You visited 1 branch of the dungeon, and saw 4 of its levels.

You collected 107 gold pieces.

Inventory:

Hand Weapons
 a - a +0 flail (weapon)
Missiles
 j - 3 tomahawks (quivered)
 p - 30 sling bullets
 t - 84 stones
Armour
 c - a +0 shield (worn)
 e - a +0 plate armour
 m - a +0 pair of gloves (worn)
 w - a +0 chain mail (worn)
Jewellery
 q - a ring of resist corrosion (left hand)
Wands
 u - a wand of iceblast (4/15)
Scrolls
 b - a scroll of enchant armour {unknown}
 g - a scroll of teleportation {unknown}
 h - 2 scrolls of remove curse
 n - a scroll of fear {unknown}
 o - a scroll of fog {unknown}
 s - 2 scrolls of identify {unknown}
 y - a scroll of amnesia {unknown}
 B - a scroll of random uselessness {unknown}
Potions
 d - a potion of might
 i - 2 potions of haste {unknown}
 v - 3 potions of heal wounds {unknown}
 x - a potion of curing {unknown}
 z - 4 potions of degeneration {unknown}
 A - a potion of agility {unknown}
Comestibles
 f - 5 bread rations
 k - 4 fruits
 l - 3 meat rations
 r - 4 slices of pizza


   Skills:
 + Level 4.4 Fighting
 + Level 7.2 Maces & Flails
 + Level 4.2 Armour
 + Level 1.6 Dodging
 + Level 4.3 Shields
 + Level 1.5 Evocations


You had 5 spell levels left.
You didn't know any spells.

Dungeon Overview and Level Annotations

Branches:
Dungeon (4/15)
 Temple: D:4-7

Altars:
Pakellas

Annotations:
D:3 Purgy


Innate Abilities, Weirdness & Mutations

You reflexively headbutt those who attack you in melee.
You have a pair of horns on your head.


Message History

The orc wizard is almost dead.
The orc wizard hits you but does no damage.
You block the orc's attack.
The orc wizard casts a cantrip, but nothing happens.
You thump the orc wizard!
You kill the orc wizard!
The orc priest mumbles some strange prayers to Beogh against you.
Beogh smites you! The orc hits you but does no damage.
You hit the orc.
The orc is heavily wounded.
The orc barely misses you.
The orc priest mumbles some strange prayers to Beogh against you.
Beogh smites you!
* * * LOW HITPOINT WARNING * * *
The orc hits you but does no damage. You block the orc's attack.
You sock the orc!
You kill the orc!
The orc priest invokes the aid of Beogh against you.
Beogh smites you!
You die...

#...........................#....
#...........................#....
'...........................#....
#...........................#....
#...........................'....
#...........................#....
#...........................#...#
...##########'####+####.....#####
...# #......@)o...#.....# ...#
#......#o....#.....# ...#
#......#.....#.....# ...#
#)...####.##'#>....# ...# #+####
###.....$... ...# #.s...[... ...#
#......... ...# #%o....... ...#
#.........


You could see an orc priest and an orc.

Vanquished Creatures
  The ghost of ololoev the Magician, an amateur DEFE (D:4)
  A necrophage (D:4)
  An orc wizard (D:4)
  Jessica (D:3)
  Ijyb (D:2)
  A worker ant (D:4)
  Robin (D:3)
  4 adders
  A shadow imp (D:4)
  An ooze (D:2)
  4 worms
  4 dart slugs
  A giant gecko (D:2)
  3 orcs
  10 bats
  4 giant cockroaches
  15 goblins
  6 hobgoblins
  3 kobolds
  3 quokkas
  2 giant newts
  9 rats
77 creatures vanquished.

Notes
Turn   | Place    | Note
--------------------------------------------------------------
     0 | D:1      | mrath the Minotaur Fighter began the quest for the Orb.
     0 | D:1      | Reached XP level 1. HP: 19/19 MP: 0/0
   126 | D:1      | Reached skill level 3 in Maces & Flails
   213 | D:1      | Reached XP level 2. HP: 26/26 MP: 1/1
   579 | D:2      | Reached skill level 4 in Maces & Flails
   797 | D:2      | Reached XP level 3. HP: 22/31 MP: 2/2
   999 | D:2      | Found a faded altar to an unknown god.
  1199 | D:2      | Reached skill level 5 in Maces & Flails
  1451 | D:2      | Noticed Ijyb
  1461 | D:2      | Killed Ijyb
  1461 | D:2      | Reached XP level 4. HP: 37/39 MP: 3/3
  1826 | D:3      | Noticed Robin
  1828 | D:3      | Noticed Jessica
  1845 | D:3      | Killed Robin
  1845 | D:3      | Reached skill level 6 in Maces & Flails
  1863 | D:3      | Killed Jessica
  1863 | D:3      | Reached XP level 5. HP: 16/45 MP: 4/4
  2576 | D:3      | Noticed Purgy
  2781 | D:4      | Found an oddly glowing altar of Pakellas.
  2826 | D:4      | Noticed a necrophage
  2837 | D:4      | Killed a necrophage
  2837 | D:4      | Reached skill level 7 in Maces & Flails
  2837 | D:4      | Reached XP level 6. HP: 47/51 MP: 5/5
  2843 | D:4      | Reached skill level 1 in Dodging
  3030 | D:4      | Noticed ololoev's ghost (amateur DEFE)
  3199 | D:4      | Killed ololoev's ghost
  3199 | D:4      | Reached skill level 1 in Evocations
  3459 | D:4      | Killed from afar by an orc priest

Vault maps used:
D:1:      minmay_arrival_nine_rooms, hangedman_decor_clover_reticule
D:2:      first_bread, ecumenical_altar_2, uniq_iyjb
D:3:      wad_pebble_path, uniq_jessica, uniq_purgy, uniq_robin
D:4:      grunt_pakellas_basics

Skill      XL: |  1  2  3  4  5  6 |
---------------+-------------------+-----
Maces & Flails | 3 4 5 6 7 |  7.2
Dodging        | 1 |  1.6
Fighting       | 4 |  4.4
Armour         | 4 |  4.2
Shields        | 4 |  4.3
Evocations     | 1 |  1.5

Action                   |  1- 3 |  4- 6 || total
-------------------------+-------+-------++-------
Melee: Flail             |   103 |   108 ||   211
       Headbutt          |    17 |    14 ||    31
  Use: Scroll            |       |     1 ||     1
       Potion            |       |     1 ||     1
  Eat: Chunk             |     2 |     5 ||     7
Armor: Scale mail        |    65 |    17 ||    82
       Chain mail        |       |    27 ||    27
Dodge: Dodged            |    47 |    21 ||    68
Block: Shield            |    68 |    43 ||   111
